 Dungeon Crawl Stone Soup version 0.31-a0-1589-g8f5e8aebd6 (webtiles) character file.

Game seed: 14605747951308727115

9914 dialectric the Basher (level 11, -18/95 HPs)
             Began as a Minotaur Fighter on Jan 5, 2024.
             Demolished by an ettin
             ... wielding a +0 dire flail
              (20 damage)
             ... on level 8 of the Dungeon.
             The game lasted 00:15:21 (9618 turns).

dialectric the Basher (Minotaur Fighter)            Turns: 9618, Time: 00:15:22

Health: -18/95     AC: 14    Str: 23    XL:     11   Next: 29%
Magic:  10/10      EV: 13    Int:  5    God:
Gold:   513        SH:  5    Dex: 12    Spells: 10/10 levels left

rFire   + . .        B - +2 morningstar (venom)
rCold   . . .        (no shield)
rNeg    . . .        E - +3 ring mail of the Cockatrice {rF+}
rPois   .            (helmet restricted)
rElec   .            z - +0 cloak
rCorr   .            (no gloves)
SInv    .            D - +1 pair of boots {Fly}
Will    .....        s - amulet of reflection
Stlth   +            (no ring)
HPRegen 0.35/turn    (no ring)
MPRegen 0.12/turn

%: reflection
@: flying
A: horns 2, retaliatory headbutt
a: no special abilities


You were on level 8 of the Dungeon.
You visited 2 branches of the dungeon, and saw 10 of its levels.
You also visited: Bailey.

You collected 513 gold pieces.

Inventory:

Hand Weapons
 a - a +1 flail
 u - a +2 quarterstaff of distortion
 B - a +2 morningstar of venom (weapon)
 F - a +5 morningstar
Missiles
 b - 2 curare-tipped darts
 y - 10 poisoned darts (quivered)
Armour
 c - a +0 buckler
 z - a +0 cloak (worn)
 D - a +1 pair of boots of flying (worn)
 E - the +3 ring mail of the Cockatrice (worn) {rF+}
   (You found it in a bailey)

   rF+:       It protects you from fire.
Jewellery
 f - an amulet of faith
 k - a ring of magical power
 p - a ring of flight
 s - an amulet of reflection (around neck)
Wands
 g - a wand of flame (15)
 i - a wand of paralysis (3)
 q - a wand of iceblast (2)
Scrolls
 j - 11 scrolls of identify
 n - 3 scrolls of teleportation
 o - 5 scrolls of noise
 v - a scroll of fog {unknown}
Potions
 d - 2 potions of lignification {unknown}
 e - 8 potions of curing
 h - 2 potions of degeneration {unknown}
 l - a potion of heal wounds
 m - 4 potions of haste {unknown}
 t - a potion of magic {unknown}
 x - 2 potions of might
 A - a potion of resistance {unknown}
 C - 3 potions of enlightenment
 G - a potion of mutation {unknown}


   Skills:
 + Level 8.4 Fighting
 * Level 14.9 Maces & Flails
 + Level 11.2 Armour
 - Level 7.1 Dodging
 - Level 3.6 Shields


You had 10 spell levels left.
You didn't know any spells.
Your spell library contained the following spells:

 Spells                   Type           Power      Damage    Failure   Level
 Foxfire                  Conj/Fire      0%         2x1d4     58%         1
 Freeze                   Ice            0%         1d3       58%         1
 Necrotise                Necr           0%         1d4       58%         1
 Ensorcelled Hibernation  Hex/Ice        0%         N/A       75%         2
 Frozen Ramparts          Ice            0%         1d1       92%         3
 Hailstorm                Conj/Ice       0%         3d5       92%         3
 Passwall                 Erth           0%         N/A       92%         3
 Swiftness                Air            0%         N/A       92%         3
 Vampiric Draining        Necr           0%         2d6       92%         3
 Brom's Barrelling Bould  Conj/Erth      0%         2d3       100%        4
 Martyr's Knell           Necr/Summ      0%         N/A       100%        4
 Curse of Agony           Necr           0%         N/A       100%        5
 Fireball                 Conj/Fire      0%         3d3       100%        5
 Iskenderun's Battlesphe  Conj           0%         2d6       100%        5
 Conjure Ball Lightning   Conj/Air       0%         3x3d6     100%        6
 Plasma Beam              Fire/Air       0%         2x1d10    100%        6
 Starburst                Conj/Fire      0%         6d3       100%        6
 Orb of Destruction       Conj           0%         9d5       100%        7


Dungeon Overview and Level Annotations

Branches:
Dungeon (9/15)             Temple (0/1) D:5            Lair (0/5) D:9
    Orc (1/2) D:9          Bailey (visited)

Altars:
Kikubaaqudgha

Shops:
D:5 =

Annotations:
D:7 Jeremiah


Innate Abilities, Weirdness & Mutations

You have a pair of horns on your head.
You reflexively headbutt those who attack you in melee.


Message History

* * * LOW HITPOINT WARNING * * *
The orc attacks as it pursues you! You block the orc's attack.
Things that are here:
a +0 plate armour; a +0 flail; a +2 mace of protection
There is an open door, spattered with blood here.
There is an open door here.
There is an open door here.
There is a stone staircase leading up here.
You fly upwards.
There is a stone staircase leading down here.
Unknown command.
You start resting.
HP restored.
Welcome back, dialectric the Minotaur Fighter.
Press ? for a list of commands and other information.
Done exploring.
No target in view!
Done exploring.
Done exploring.
No target in view!
You fly downwards.
You block the ettin's attack.
The ettin hits you with a +0 dire flail!! x2
The ettin closely misses you.
There is a stone staircase leading up, spattered with blood here.
Unknown command.
The ettin hits you with a +0 dire flail! x2
* * * LOW HITPOINT WARNING * * *
You fly upwards.
There is a stone staircase leading down here.
Unknown command.
Unknown command.
Unknown command.
Okay, then.
The ettin attacks as it pursues you!
The ettin hits you with a +0 dire flail!
* * * LOW HITPOINT WARNING * * *
The ettin barely misses you. The ettin attacks as it pursues you!
The ettin hits you with a +0 dire flail!!
You die...

#..........#.#...#
###<........#.....###
#.....#.....#.....#.##
##....#...#....#..#..#
####......#..........###
#####..........###.........##
####.##...........###..........##
...#..#..........................
.......##.......@C...............
........##..................##...
.#####................>......##..
.# ##..#.....................#...
## #...#.........#.###..........#
#.............##..............
###............#............#.
#.........................##
###...........##............##


You could see an ettin.

Vanquished Creatures
  A two-headed ogre (D:7)
  An elephant (D:9)
  A komodo dragon (D:9)
  A troll (D:8)
  4 slime creatures (D:8)
  A shadow (D:8)
  16 yaks
  A steam dragon (D:8)
  Duvessa (D:7)
  3 water moccasins
  4 black bears
  3 ice beasts
  12 orc warriors
  4 sky beasts
  2 ogres
  4 centaurs
  A kobold brigand (D:9)
  A gnoll sergeant (D:6)
  5 bullfrogs
  6 scorpions
  4 wights
  Dowan (D:7)
  6 howler monkeys
  4 hounds
  3 jellies
  3 bombardier beetles
  5 orc priests
  5 iguanas
  A sleepcap (D:6)
  4 orc wizards
  7 gnolls
  9 adders
  2 shadow imps (D:6)
  7 dart slugs
  3 ribbon worms
  12 orcs
  5 bats
  10 endoplasms
  5 giant cockroaches
  7 hobgoblins
  3 jackals (D:4)
  2 quokkas
  10 ball pythons
  3 frilled lizards (D:1)
  7 goblins
  17 kobolds
  23 rats
240 creatures vanquished.

Notes
Turn   | Place    | Note
-------+----------+-------------------------------------------
     0 | D:1      | dialectric the Minotaur Fighter began the quest for the
                  | Orb.
     0 | D:1      | Reached XP level 1. HP: 19/19 MP: 0/0
    78 | D:1      | Reached XP level 2. HP: 7/27 MP: 1/1
   553 | D:1      | Reached skill level 1 in Dodging
   708 | D:1      | Reached XP level 3. HP: 33/33 MP: 2/2
   762 | D:1      | Reached skill level 3 in Maces & Flails
  1058 | D:2      | Reached XP level 4. HP: 40/40 MP: 3/3
  1701 | D:3      | Reached skill level 4 in Maces & Flails
  1789 | D:3      | Reached XP level 5. HP: 37/46 MP: 4/4
  2409 | D:4      | Reached skill level 5 in Maces & Flails
  2549 | D:4      | Noticed a centaur
  2558 | D:4      | Killed a centaur
  2559 | D:4      | Reached skill level 5 in Armour
  2559 | D:4      | Reached XP level 6. HP: 37/52 MP: 5/5
  2966 | D:4      | Noticed an ice beast
  2976 | D:4      | Killed an ice beast
  2977 | D:4      | Reached skill level 6 in Maces & Flails
  3402 | D:5      | Entered Level 5 of the Dungeon
  3403 | D:5      | Noticed an ice beast
  3415 | D:5      | Killed an ice beast
  3416 | D:5      | Reached XP level 7. HP: 32/59 MP: 6/6
  3622 | D:5      | Found a staircase to the Ecumenical Temple.
  3875 | D:5      | Reached skill level 7 in Maces & Flails
  3901 | D:5      | Found Laleh's Jewellery Emporium.
  4290 | D:6      | Reached skill level 8 in Maces & Flails
  4290 | D:6      | Reached XP level 8. HP: 44/66 MP: 7/7
  4445 | D:6      | Reached skill level 5 in Dodging
  4734 | D:6      | Reached skill level 9 in Maces & Flails
  4820 | D:6      | Found an ancient bone altar of Kikubaaqudgha.
  4892 | D:6      | Reached skill level 10 in Maces & Flails
  4895 | D:6      | Reached XP level 9. HP: 61/71 MP: 8/8
  5821 | D:6      | Reached skill level 11 in Maces & Flails
  6210 | D:7      | Noticed a two-headed ogre
  6219 | D:7      | Killed a two-headed ogre
  6220 | D:7      | Reached skill level 5 in Fighting
  6615 | D:7      | Noticed Duvessa
  6615 | D:7      | Noticed Dowan
  6618 | D:7      | Killed Duvessa
  6619 | D:7      | Reached skill level 12 in Maces & Flails
  6621 | D:7      | Killed Dowan
  6774 | D:7      | Noticed Jeremiah
  6825 | D:8      | Found a flagged portal.
  6833 | D:8      | Reached XP level 10. HP: 77/81 MP: 9/9
  6911 | Bailey   | Entered a bailey
  7302 | Bailey   | Identified the +3 ring mail of the Cockatrice {rF+}
  7308 | Bailey   | Identified the +1 leather armour of Noiginac {Dex+2}
  7443 | D:7      | Reached skill level 13 in Maces & Flails
  7462 | D:7      | Reached skill level 10 in Armour
  8008 | D:9      | Noticed an elephant
  8028 | D:9      | Killed an elephant
  8029 | D:9      | Reached skill level 14 in Maces & Flails
  8489 | D:9      | Reached XP level 11. HP: 93/93 MP: 10/10
  8552 | D:9      | Found a staircase to the Orcish Mines.
  9142 | D:9      | Found a staircase to the Lair.
  9345 | Orc:1    | Entered Level 1 of the Orcish Mines
  9347 | Orc:1    | Noticed an ettin
  9616 | D:8      | HP: 2/95 [ettin/+0 dire flail (14)]
  9618 | D:8      | Demolished by an ettin

Illustrated notes

Levels and vault maps discovered:
D:1:      dpeg_arrival_more_subterranean_lakeside_camping, layout_basic
D:2:      layout_basic, hangedman_abyss_or_decor_stabs, grunt_decor_cap
D:3:      layout_basic, serial_bayou_ford_a, minmay_rat_hole
D:4:      layout_cave_pods, st_stairs_13
D:5:      layout_gridville, temple_fountains, serial_shops, shop
D:6:      layout_basic, mainiacjoe_overflow_cross_hatched, gup_sewer_entry_bowl,
          st_stairs_6, minmay_joined_circles
D:7:      layout_layer_cave, uniq_duvessa, uniq_crazy_yiuf_cottage,
          uniq_jeremiah
D:8:      layout_cave_pools, enter_bailey_2, chequers_garden
D:9:      layout_roguey, grunt_lair_entry_orc_guard_hut, david_orc_3,
          nicolae_specific_store
Orc:1:    layout_caves, serial_shops, nicolae_shop_competitors_out_of_business

Skill      XL: |  1  2  3  4  5  6  7  8  9 10 11 |
---------------+----------------------------------+-----
Armour         | 4 5 6 7 9 10 11 | 11.2
Dodging        | 1 2 3 4 6 7 |  7.1
Fighting       | 4 5 7 8 |  8.4
Maces & Flails | 3 4 5 6 8 10 12 14 | 14.9
Shields        | |  3.6

Action                     |  1- 3 |  4- 6 |  7- 9 | 10-12 || total
---------------------------+-------+-------+-------+-------++-------
  Melee: Flail             |    88 |   131 |   198 |       ||   417
         Headbutt          |    18 |    17 |    52 |    59 ||   146
         Punch             |       |     1 |     7 |     2 ||    10
         Morningstar       |       |       |    49 |   221 ||   270
    Use: Scroll            |       |     2 |     6 |     4 ||    12
         Potion            |       |     1 |     2 |     1 ||     4
 Armour: Scale mail        |    87 |    81 |   173 |    36 ||   377
         Ring mail         |       |       |       |   152 ||   152
  Dodge: Dodged            |    41 |    54 |   135 |   163 ||   393
  Block: Other             |       |    14 |    53 |    53 ||   120
         Reflection        |       |     2 |     1 |    12 ||    15

Table legend: (Time is in decaauts)
 A = Elapsed time spent in this place.
 B = Non-inter-level travel time spent in this place.
 C = Inter-level travel time spent in this place.
 D = Time resting spent in this place.
 E = Time spent auto-exploring this place.
 F = Levels seen in this place.
 G = Mean time per level.
                   A        B        C        D        E       F      G
               +--------+--------+--------+--------+--------+-----+--------+
         Total |   9634 |   9510 |    124 |    869 |   6211 |  11 |  875.8 |
       Dungeon |   9210 |   9086 |    124 |    869 |   6039 |   9 | 1023.3 |
  Orcish Mines |      8 |      8 |      0 |      0 |      0 |   1 |    8.0 |
        Bailey |    415 |    415 |      0 |      0 |    172 |   1 |  415.0 |
               +--------+--------+--------+--------+--------+-----+--------+

Top non-repeatable levels by time:
     D:8: 1506 daAuts
     D:6: 1399 daAuts
     D:7: 1307 daAuts
     D:4: 1088 daAuts
     D:1: 893 daAuts
     D:9: 794 daAuts
     D:2: 755 daAuts
     D:5: 752 daAuts
     D:3: 711 daAuts
  Bailey: 415 daAuts
   Orc:1: 8 daAuts
